 Dungeon Crawl Stone Soup version 0.25.1-2-g60ff931df9 (webtiles) character file.

Game seed: 12063487331499387852

298 HawFromDerth the Ruffian (level 6, -1/61 HPs)
             Began as a Troll Berserker on Sept 20, 2020.
             Was a Believer of Trog.
             Slain by an orc
             ... wielding a +0 hand axe
              (4 damage)
             ... on level 4 of the Dungeon.
             The game lasted 00:07:06 (2511 turns).

HawFromDerth the Ruffian (Troll Berserker)          Turns: 2511, Time: 00:07:06

Health: -1/61      AC:  4    Str: 28    XL:     6   Next: 13%
Magic:  5/5        EV: 11    Int:  3    God:    Trog [**....]
Gold:   83         SH:  0    Dex:  9    Spells: 5/5 levels left

rFire    . . .     SeeInvis .     - Unarmed
rCold    . . .     Gourm    +   (no shield)
rNeg     . . .     Faith    .   (armour restricted)
rPois    .         Spirit   .   (helmet restricted)
rElec    .         Reflect  .   (no cloak)
rCorr    .         Harm     .   (gloves unavailable)
MR       .....                  (boots unavailable)
Stlth    +.........             (no amulet)
HPRegen  0.60/turn              (no ring)
MPRegen  0.09/turn              (no ring)

@: berserk cooldown, slowed, very slow
A: large, unfitting armour, claws 3, fast metabolism 3, gourmand, regeneration
1, shaggy fur 1, tough skin 3
a: Berserk, Trog's Hand, Renounce Religion


You were on level 4 of the Dungeon.
You worshipped Trog.
Trog was pleased with you.
You were full.

You visited 1 branch of the dungeon, and saw 4 of its levels.

You collected 83 gold pieces.

Inventory:

Armour
 a - a +0 animal skin
Wands
 n - a wand of random effects (22)
 o - a wand of disintegration (10)
Scrolls
 c - a scroll of magic mapping {unknown}
 d - a scroll of amnesia {unknown}
 f - 5 scrolls of remove curse {unknown}
 h - 3 scrolls of identify {unknown}
 i - 2 scrolls of blinking {unknown}
 j - a scroll of fog {unknown}
 l - a scroll of immolation {unknown}
Potions
 e - a potion of invisibility {unknown}
 g - a potion of heal wounds {unknown}
 k - a potion of flight {unknown}
Comestibles
 b - 7 rations


   Skills:
 * Level 3.3 Fighting
 * Level 3.5 Dodging
 * Level 5.5 Unarmed Combat


You had 5 spell levels left.
You didn't know any spells.
Your spell library was empty.

Dungeon Overview and Level Annotations

Branches:
Dungeon (4/15)
 Temple: D:4-7

Altars:
Dithmenos
Nemelex Xobeh
Vehumet


Innate Abilities, Weirdness & Mutations

You are too large for most types of armour.
You have claws for hands.
Your metabolism is lightning-fast.
You like to eat raw meat.
Your natural rate of healing is unusually fast.
You are covered in fur. (AC +1)
You have extremely tough skin. (AC +3)


Message History

The orc barely misses you. The orc hits you with a +0 whip.
You see here a scroll labeled TOOHOIRGHUG.
The orc hits you with a +0 war axe.
* * * LOW HITPOINT WARNING * * *
The orc closely misses you.
You are too injured to fight recklessly!
You are too injured to fight recklessly!
Okay, then.
The orc barely misses you.
You barely miss the orc. The orc hits you but does no damage.
The orc hits you with a +0 whip.
* * * LOW HITPOINT WARNING * * *
The orc hits you with a +0 war axe!
* * * LOW HITPOINT WARNING * * *
You barely miss the orc. The orc barely misses you. x2
The orc hits you with a +0 war axe!
* * * LOW HITPOINT WARNING * * *
The orc closely misses you. x2
The orc hits you with a +0 hand axe.
You die...

##....##..?.....†.
#....#####........
#...## #........
##.?## #.......[
##...# #..[.....
##...## .........
##...o# #.........
##...oo# .....###.
#.....@# ...## #.
#.......# ..# ##
........# #
........# #
#####.... ###..
###


You could see 3 orcs.

Vanquished Creatures
  A scorpion (D:4)
  A bullfrog skeleton (D:4)
  An iguana (D:4)
  Ijyb (D:3)
  3 orc wizards
  2 adders
  An ooze (D:2)
  2 dart slugs
  A leopard gecko (D:1)
  6 orcs
  10 bats
  2 giant cockroaches
  7 goblins
  8 hobgoblins
  4 frilled lizards
  3 kobolds
  3 rats
56 creatures vanquished.

Notes
Turn   | Place    | Note
-------+----------+-------------------------------------------
     0 | D:1      | HawFromDerth the Troll Berserker began the quest for the
                  | Orb.
     0 | D:1      | Reached XP level 1. HP: 22/22 MP: 0/0
   295 | D:1      | Reached XP level 2. HP: 29/29 MP: 1/1
  1304 | D:2      | Reached ** piety under Trog
  1304 | D:2      | Reached XP level 3. HP: 35/36 MP: 2/2
  1315 | D:2      | Found a sparkling altar of Nemelex Xobeh.
  1590 | D:3      | Found a radiant altar of Vehumet.
  1590 | D:3      | Noticed Ijyb
  1601 | D:3      | Killed Ijyb
  1601 | D:3      | Reached skill level 4 in Unarmed Combat
  1601 | D:3      | Reached XP level 4. HP: 45/45 MP: 3/3
  1711 | D:3      | Found a shadowy altar of Dithmenos.
  2357 | D:4      | Reached XP level 5. HP: 38/53 MP: 4/4
  2453 | D:4      | Reached skill level 5 in Unarmed Combat
  2486 | D:4      | Reached XP level 6. HP: 40/61 MP: 5/5
  2510 | D:4      | HP: 2/61 [orc/+0 war axe (7)]
  2511 | D:4      | Slain by an orc

Illustrated notes

Levels and vault maps discovered:
D:1:      lemuel_arrival_tunnels, layout_basic
D:2:      layout_loops_ring, nemelex_dance_club_becter
D:3:      layout_basic, vehumet_crystals, nicolae_dithmenos_shadow_blocks,
          first_ration, minmay_hedge_maze, hex_large,
          chequers_serial_rivers_micro_d, uniq_ijyb
D:4:      layout_layer_cave, nicolae_ossuary_entry_catacombs

Skill      XL: |  1  2  3  4  5 |
---------------+----------------+-----
Fighting       | 3 |  3.3
Dodging        | 3 |  3.5
Unarmed Combat | 4 5 |  5.5

Action                   |  1- 3 |  4- 6 || total
-------------------------+-------+-------++-------
Melee: Unarmed           |    87 |    64 ||   151
       Punch             |     2 |     2 ||     4
Invok: Trog's Hand       |       |     1 ||     1
       Berserk           |       |     1 ||     1
 Stab: Sleeping          |     1 |       ||     1
  Eat: Chunk             |    20 |     6 ||    26
Armor: Skin              |    35 |    17 ||    52
Dodge: Dodged            |    64 |    38 ||   102
